 Dungeon Crawl Stone Soup version 0.30-a0-4-ga7cffc901d (webtiles) character file.

Game seed: 12414583146452601640

24237 runemasterragnar the Grappler (level 12, -4/106 HPs)
             Began as a Yellow Draconian Transmuter on Aug 21, 2022.
             Was a High Priest of Sif Muna.
             Slain by a black mamba (11 damage)
             ... on level 3 of the Lair of Beasts.
             The game lasted 00:39:14 (19534 turns).

runemasterragnar the Grappler (DrTm)               Turns: 19534, Time: 00:39:14

Health: -4/106     AC:  8    Str: 14    XL:     12   Next: 78%
Magic:  17/25      EV: 14    Int: 18    God:    Sif Muna [*****.]
Gold:   2001       SH:  0    Dex: 11    Spells: 7/29 levels left

rFire   . . .      SeeInvis .      - Unarmed
rCold   + . .      Faith    .    (shield currently unavailable)
rNeg    + . .      Spirit   .    (body armour unavailable)
rPois   .          Reflect  .    (helmet restricted)
rElec   .          Harm     .    (no cloak)
rCorr   +          Rampage  .    (gloves currently unavailable)
Will    .....                    (no boots)
Stlth   +.........               (no amulet)
HPRegen 0.27/turn                o - ring of positive energy
MPRegen 0.19/turn                b - ring of protection from cold

@: short of breath, blade hands
A: spit acid, AC +8, unfitting armour, cold-blooded, acid resistance
a: Breathe Acid, End Transformation, Renounce Religion, Channel Magic, Forget
Spell, Divine Exegesis


You were on level 3 of the Lair of Beasts.
You worshipped Sif Muna.
Sif Muna was extremely pleased with you.
You had blades for hands.
You visited 3 branches of the dungeon, and saw 17 of its levels.
You also visited: Ossuary.

You collected 2100 gold pieces.
You spent 99 gold pieces at shops.

Inventory:

Armour
 e - a +0 pair of gloves (melded)
 n - a scarf of resistance
Jewellery
 b - a ring of protection from cold (right blade hand)
 l - an amulet of the acrobat
 o - a ring of positive energy (left blade hand)
 t - a +4 ring of evasion
 B - a ring of positive energy
 H - a ring of fire
 I - a ring of fire
 J - a ring of wizardry
 P - an amulet of magic regeneration
Wands
 q - a wand of digging (6)
 D - a wand of light (3)
 E - a wand of polymorph (7)
 G - a wand of iceblast (2)
 K - a wand of flame (14)
Scrolls
 a - 3 scrolls of immolation
 c - 5 scrolls of poison
 d - 3 scrolls of vulnerability
 f - a scroll of fear
 g - a scroll of enchant armour {unknown}
 h - 3 scrolls of noise
 k - 4 scrolls of enchant weapon
 v - a scroll of amnesia
 w - 2 scrolls of identify
 x - 3 scrolls of teleportation
 y - a scroll of butterflies
 A - a scroll of magic mapping {unknown}
 L - a scroll of brand weapon {unknown}
 M - a scroll of torment
 N - a scroll of silence {unknown}
 O - 2 scrolls of summoning
Potions
 i - 3 potions of curing
 j - a potion of magic
 m - 2 potions of brilliance
 p - 3 potions of degeneration
 r - 4 potions of attraction
 s - a potion of resistance
 u - 2 potions of cancellation
 z - a potion of berserk rage
 C - 2 potions of haste
 F - a potion of flight


   Skills:
 - Level 10.1 Fighting
 - Level 8.0 Dodging
 - Level 10.2 Unarmed Combat
 + Level 9.4 Spellcasting
 + Level 10.2 Transmutations
 + Level 3.5 Air Magic
 + Level 5.4 Invocations


You had 7 spell levels left.
You knew the following spells:

 Your Spells              Type           Power      Damage    Failure   Level
a - Beastly Appendage     Tmut           90%        N/A       8%          1
b - Wereblood             Tmut           45%        N/A       9%          2
c - Spider Form           Tmut/Pois      26%        N/A       26%         3
d - Ice Form              Ice/Tmut       26%        N/A       47%         4
e - Blade Hands           Tmut           22%        N/A       28%         5
f - Storm Form            Tmut/Air       16%        N/A       100%        7

Your spell library contained the following spells:

 Spells                   Type           Power      Damage    Failure   Level
 Passwall                 Tmut/Erth      21%        N/A       19%         2
 Static Discharge         Conj/Air       14%        3-5/arc   36%         2
 Ignite Poison            Fire/Tmut/Pois 20%        N/A       36%         3
 Swiftness                Air            21%        N/A       36%         3
 Petrify                  Tmut/Erth      26%        N/A       47%         4
 Blink                    Tloc           16%        N/A       52%         2
 Ensorcelled Hibernation  Hex/Ice        16%        N/A       52%         2
 Conjure Flame            Conj/Fire      8%         6-21      69%         3
 Ozocubu's Armour         Ice            8%         N/A       69%         3
 Portal Projectile        Hex/Tloc       16%        N/A       69%         3
 Tukima's Dance           Hex            8%         N/A       69%         3
 Alistair's Intoxication  Tmut/Pois      17%        N/A       71%         5
 Yara's Violent Unravell  Hex/Tmut       13%        3d7       71%         5
 Hailstorm                Conj/Ice       8%         3d4       93%         4
 Manifold Assault         Tloc           8%         N/A       99%         5
 Simulacrum               Ice/Necr       4%         N/A       100%        6
 Ozocubu's Refrigeration  Ice            4%         4d8       100%        7


Dungeon Overview and Level Annotations

Branches:
Dungeon (12/15)            Temple (0/1) D:4            Lair (3/5) D:10
  Snake (0/4) Lair:3          Orc (2/2) D:10            Elf (0/3) Orc:2
Ossuary (visited)
  Swamp: Lair:2-3    Shoals: Lair:2-3

Altars:
Ashenzari
Cheibriados
Elyvilon
Fedhas
Hepliaklqana
Nemelex Xobeh
Okawaru
Ru
Sif Muna
Trog
Uskayaw
Wu Jian
Xom
Zin
The Shining One

Shops:
D:3 !   D:8 (   Orc:1 *   Orc:2 [[

Annotations:
D:12 2 transporters, xian's ghost, journeyman SpDe


Innate Abilities, Weirdness & Mutations

You have blades for hands.
Your spellcasting is less reliable in this form.
You are incapable of wielding weapons or throwing items.
You can spit globs of acid.
Your golden yellow scales are hard. (AC +8)
You cannot fit into any form of body armour.
You are cold-blooded and may be slowed by cold attacks.
You are resistant to acid. (rCorr)


Message History

The black mamba closely misses you. The black mamba bites you.
The black mamba bites you!
You closely miss the black mamba. You tail-slap the black mamba!
The black mamba is severely wounded.
The black mamba bites you.
* * * LOW HITPOINT WARNING * * *
The black mamba completely misses you.
The black mamba bites you but does no damage.
The black mamba bites you!
* * * LOW HITPOINT WARNING * * *
You are lethally poisoned!
The black mamba poisons you!
Unknown command.
Okay, then.
As you read the scroll of fear, it crumbles to dust.
You assume a fearsome visage.
The black mamba resists with some effort.
The black mamba looks frightened! x2; The water moccasin looks frightened!
* * * LOW HITPOINT WARNING * * *
You feel very sick. The black mamba completely misses you.
The black mamba closely misses you.
You feel better.
Your primal bloodlust has ended.
The black mamba misses you.
You hit the black mamba.
The black mamba is severely wounded.
The black mamba misses you. The black mamba barely misses you.
Cornered, the black mamba turns to fight!
Your magical contamination has completely faded away.
Unknown command.
You closely miss the black mamba.
The black mamba is severely wounded.
The black mamba bites you!
* * * LOW HITPOINT WARNING * * *
Unknown command.
You feel better. The black mamba misses you. The black mamba bites you.
* * * LOW HITPOINT WARNING * * *
You fail to use your ability.
The black mamba barely misses you. The black mamba bites you!
You die...

.#.##
....#########
."....#P#...##
.............#
......P###†P##
...##### #..#
...## ##.###
....#
#....#####
..P##
##....##@#
...# #.....SS#
.###
##..P....# .#
#..#......# .#
#.###.#......
P# ###
######.... ##
..>. # P.. ###
P#


You could see 2 black mambas.

Vanquished Creatures
  A hydra (Lair:3)
  Erica (D:8)
  2 two-headed ogres
  An orc high priest (Orc:1)
  Pikel (D:4)
  An orc knight (Orc:1)
  3 black mambas
  Maggie (D:6)
  5 cane toads
  An unseen horror (D:12)
  3 komodo dragons
  Grinder (D:6)
  2 trolls (Orc:1)
  2 hornets
  Prince Ribbit (D:5)
  A polar bear (Lair:3)
  10 blink frogs
  Sigmund (D:6)
  A shadow (D:12)
  21 yaks
  2 wyverns
  A basilisk (Lair:3)
  3 wraiths
  A steam dragon (D:7)
  Menkaure (D:5)
  A vampire mosquito (D:12)
  7 wargs
  Edmund (D:5)
  An acid dragon (D:8)
  7 water moccasins
  Duvessa (D:4)
  21 orc warriors
  A sky beast (D:6)
  3 black bears
  6 ogres
  9 centaurs
  A kobold brigand (D:10)
  7 bullfrogs
  6 scorpions
  A necrophage (D:6)
  A gnoll sergeant (D:5)
  6 wights (D:7)
  Dowan (D:4)
  8 killer bees
  6 howler monkeys
  Crazy Yiuf (D:5)
  A hound (D:6)
  A jelly (D:6)
  2 gnoll boudas
  13 orc priests
  An iguana (D:4)
  17 orc wizards
  9 mummies
  15 gnolls
  5 adders
  2 shadow imps (D:6)
  A white imp (D:6)
  A worm (D:2)
  2 dart slugs (D:1)
  90 orcs
  5 ball pythons
  7 bats
  11 endoplasms
  7 giant cockroaches
  7 goblins
  13 hobgoblins
  3 quokkas
  3 frilled lizards
  3 hobgoblin zombies (Ossuary)
  12 kobolds
  2 kobold zombies (Ossuary)
  3 orc zombies (Ossuary)
  8 rats
408 creatures vanquished.

Vanquished Creatures (collateral kills)
  2 orcs (D:12)
2 creatures vanquished.

Vanquished Creatures (others)
  A vampire mosquito (D:12)
  An orc warrior (Orc:2)
  24 fungi
  39 plants
65 creatures vanquished.

Grand Total: 475 creatures vanquished

Notes
Turn   | Place    | Note
-------+----------+-------------------------------------------
     0 | D:1      | runemasterragnar the Draconian Transmuter began the quest
                  | for the Orb.
     0 | D:1      | Reached XP level 1. HP: 16/16 MP: 3/3
   228 | D:1      | Reached XP level 2. HP: 17/23 MP: 3/5
   818 | D:1      | Found a faded altar of an unknown god.
   822 | D:1      | Reached XP level 3. HP: 23/29 MP: 4/6
   846 | D:1      | Prayed at the altar of an unknown god.
   846 | D:1      | Became a worshipper of Sif Muna the Loreminder
   846 | D:1      | Reached * piety under Sif Muna
  1577 | D:1      | Learned a level 2 spell: Wereblood
  1581 | D:1      | Learned a level 3 spell: Spider Form
  1594 | D:2      | Reached XP level 4. HP: 7/36 MP: 4/7
  2055 | D:3      | Noticed a scorpion
  2066 | D:3      | Killed a scorpion
  2067 | D:3      | Reached XP level 5. HP: 39/42 MP: 4/9
  2368 | D:3      | Found a glowing silver altar of Zin.
  2555 | D:3      | Reached ** piety under Sif Muna
  2920 | D:3      | Found Laezed's Distillery.
  2928 | D:3      | Bought a potion of degeneration for 11 gold pieces
  2928 | D:3      | Bought a potion of attraction for 33 gold pieces
  2928 | D:3      | Bought a potion of heal wounds for 55 gold pieces
  3076 | D:4      | Noticed Dowan
  3171 | D:4      | Killed Dowan
  3172 | D:4      | Reached XP level 6. HP: 39/51 MP: 7/10
  3186 | D:4      | Found a staircase to the Ecumenical Temple.
  3246 | D:4      | Noticed Duvessa
  3248 | D:4      | Noticed Pikel
  3263 | D:4      | Killed Duvessa
  3276 | D:4      | Killed Pikel
  3277 | D:4      | Your scales start taking on a golden yellow colour.
  3277 | D:4      | Reached XP level 7. HP: 35/59 MP: 6/12
  3277 | D:4      | Gained mutation: You are resistant to acid. (rCorr) [Yellow
                  | Draconian growth]
  3880 | D:5      | Entered Level 5 of the Dungeon
  3922 | D:5      | Found a shimmering altar of Xom.
  3922 | D:5      | Found a shimmering altar of Xom.
  3935 | D:5      | Noticed Menkaure
  3942 | D:5      | Killed Menkaure
  3943 | D:5      | Reached skill level 5 in Unarmed Combat
  3961 | D:5      | Reached XP level 8. HP: 11/67 MP: 12/14
  4527 | D:5      | Noticed Edmund
  4553 | D:5      | Killed Edmund
  4636 | D:5      | Reached skill level 5 in Fighting
  4778 | D:5      | Noticed Prince Ribbit
  4792 | D:5      | Killed Prince Ribbit
  4793 | D:5      | Reached skill level 5 in Transmutations
  5012 | D:5      | Found a shimmering altar of Xom.
  5012 | D:5      | Found a shimmering altar of Xom.
  5125 | D:5      | Found a white marble altar of Elyvilon.
  5131 | D:5      | Learned a level 4 spell: Ice Form
  5187 | D:5      | Found a runed translucent door.
  5188 | D:5      | Noticed Crazy Yiuf
  5440 | D:5      | Found a hazy altar of Hepliaklqana.
  5558 | D:5      | Killed Crazy Yiuf
  5817 | D:6      | Noticed Sigmund
  5880 | D:6      | Killed Sigmund
  5881 | D:6      | Reached skill level 5 in Spellcasting
  5886 | D:6      | Reached skill level 5 in Dodging
  6077 | D:6      | Noticed Grinder
  6085 | D:6      | Killed Grinder
  6086 | D:6      | Reached XP level 9. HP: 75/75 MP: 12/16
  6381 | D:6      | Noticed Maggie
  6387 | D:6      | HP: 2/73 [Maggie/bolt of fire (36)]
  6394 | D:6      | Killed Maggie
  7385 | D:7      | Found a broken altar of Ashenzari.
  8073 | D:7      | Learned a level 5 spell: Blade Hands
  8487 | D:8      | Reached *** piety under Sif Muna
  8634 | D:8      | Found a sand-covered staircase.
  8641 | Ossuary  | Entered an ossuary
  8943 | D:8      | Reached XP level 10. HP: 81/86 MP: 16/19
  9151 | D:8      | Found a bloodstained altar of Trog.
  9265 | D:8      | Found an iron altar of Okawaru.
  9268 | D:8      | Found a sacrificial altar of Ru.
  9271 | D:8      | Found a blossoming altar of Fedhas.
  9272 | D:8      | Found a shimmering blue altar of Sif Muna.
  9273 | D:8      | Found a hide-covered altar of Uskayaw.
  9275 | D:8      | Found a sparkling altar of Nemelex Xobeh.
  9276 | D:8      | Found an ornate altar of the Wu Jian Council.
  9473 | D:8      | Found a glowing golden altar of the Shining One.
  9591 | D:8      | Noticed Erica
  9599 | D:8      | Killed Erica
  9637 | D:8      | Found Viusuy Ipnu's Weapon Shop.
  9837 | D:9      | Paralysed by a hornet for 1 turns
  9840 | D:9      | Reached **** piety under Sif Muna
 10394 | D:9      | Found a snail-covered altar of Cheibriados.
 10493 | D:10     | Entered Level 10 of the Dungeon
 10808 | D:10     | Found a staircase to the Lair.
 11051 | D:10     | Found a staircase to the Orcish Mines.
 11248 | D:10     | Reached XP level 11. HP: 95/95 MP: 14/21
 11251 | D:10     | Reached ***** piety under Sif Muna
 11264 | D:10     | Received a gift from Sif Muna
 11265 | D:10     | Got Sif Muna's Monograph on Injurious Shapes {god gift}
 11577 | D:10     | Learned a level 7 spell: Storm Form
 11860 | D:11     | Noticed a two-headed ogre
 11868 | D:11     | Killed a two-headed ogre
 12588 | D:12     | HP: 4/95 [vampire mosquito (9)]
 13081 | D:12     | Noticed a two-headed ogre
 13100 | D:12     | Killed a two-headed ogre
 13205 | D:12     | Noticed an eight-headed hydra
 13206 | D:12     | Noticed a centaur warrior
 13206 | D:12     | Noticed a deep elf archer
 13207 | D:12     | Noticed a deep elf archer
 13219 | D:12     | Noticed a red ugly thing
 13219 | D:12     | Identified the +1 plate armour "Kiebuick" {rElec rC+ Dex-5}
 13219 | D:12     | Noticed a tengu warrior
 13219 | D:12     | Noticed an ogre mage
 13220 | D:12     | Noticed a deep elf pyromancer
 13220 | D:12     | Noticed an eight-headed hydra
 13274 | D:12     | Found a transporter.
 13275 | D:12     | Noticed xian's ghost (journeyman SpDe)
 13275 | D:12     | Noticed a white ugly thing
 13276 | D:12     | Noticed a four-headed hydra
 13283 | D:12     | Found a transporter.
 13283 | D:12     | Noticed a boulder beetle
 13321 | D:12     | Noticed a skeletal warrior
 13321 | D:12     | Noticed a skeletal warrior
 13321 | D:12     | Noticed a skeletal warrior
 13328 | D:12     | Noticed a purple ugly thing
 13443 | Orc:1    | Entered Level 1 of the Orcish Mines
 13479 | Orc:1    | Noticed an orc high priest
 13485 | Orc:1    | Killed an orc high priest
 14034 | Orc:1    | Found Tairiut's Gadget Gallery.
 14633 | Orc:1    | Reached skill level 1 in Invocations
 14730 | Orc:1    | Noticed an orc knight
 14741 | Orc:1    | Killed an orc knight
 14973 | Orc:2    | Entered Level 2 of the Orcish Mines
 15031 | Orc:2    | Found Xonizas's Armour Emporium.
 15044 | Orc:2    | Found Nisan's Armour Emporium.
 15424 | Orc:2    | Found a staircase to the Elven Halls.
 15587 | Orc:2    | Noticed an orc warlord
 15594 | Orc:2    | Reached XP level 12. HP: 84/106 MP: 20/24
 15596 | Orc:2    | Noticed a two-headed ogre
 15597 | Orc:2    | Noticed an ogre mage
 16229 | Lair:1   | Entered Level 1 of the Lair of Beasts
 16776 | Lair:1   | Reached skill level 10 in Fighting
 16842 | Lair:1   | You fall into a shaft and drop 1 floor!
 17157 | Lair:2   | HP: 4/106 [black mamba (13)]
 17295 | Lair:2   | Reached skill level 1 in Air Magic
 17965 | Lair:2   | Noticed a four-headed hydra
 18232 | Lair:3   | Reached skill level 10 in Unarmed Combat
 19215 | Lair:3   | Noticed a six-headed hydra
 19225 | Lair:3   | Killed a six-headed hydra
 19226 | Lair:3   | Reached skill level 10 in Transmutations
 19226 | Lair:3   | Reached skill level 5 in Invocations
 19487 | Lair:3   | Received a gift from Sif Muna
 19488 | Lair:3   | Got Aleuloig's Grimoire of the Tainted Jaunt {god gift}
 19519 | Lair:3   | Found a staircase to the Snake Pit.
 19532 | Lair:3   | HP: 2/106 [black mamba (13)]
 19534 | Lair:3   | Slain by a black mamba

Illustrated notes

Levels and vault maps discovered:
D:1:      beargit_arrival_diablo_church, layout_basic,
          hellmonk_ecumenical_altar_crossroads, minmay_hedge_maze
D:2:      layout_basic, kennysheep_generic_room_14
D:3:      wander_river, layout_basic, mainiacjoe_overflow_24_doors,
          serial_shops, shop
D:4:      layout_cave_pools, minmay_temple_entry_ruins, grunt_ministairs_4,
          uniq_pikel, uniq_duvessa
D:5:      layout_basic, nicolae_hepliaklqana_hippocampus, elyvilon_altar_5,
          xom_redecorated, uniq_crazy_yiuf_cottage, uniq_edmund, uniq_menkaure,
          uniq_prince_ribbit1
D:6:      layout_loops_ring, serial_bayou_lake_a, uniq_grinder, uniq_maggie,
          uniq_sigmund
D:7:      layout_basic, amcnicky_altar_gilded
D:8:      layout_loops_cross, mainiacjoe_overflow_concentric_impassable,
          minitemple, mainiacjoe_overflow_cross_hatched,
          gup_ossuary_entry_pyramid, serial_shops, kennysheep_mini, uniq_erica
D:9:      layout_big_octagon, mainiacjoe_overflow_alcove_1
D:10:     layout_roguey, grunt_lair_entry_orc_guard_hut, david_orc_1_choice
D:11:     layout_roguey
D:12:     layout_long_grid, nzn_ghost_randoct, minivault_12
Lair:1:   layout_small_grid, lemuel_fruit_tree, serial_bayou_shore_a,
          grunt_megastairs_2
Lair:2:   layout_regular_city, serial_rivers, chequers_serial_rivers_room_a,
          chequers_serial_rivers_room_b, chequers_serial_rivers_room_b,
          chequers_serial_rivers_micro_a, chequers_serial_rivers_small_3,
          chequers_serial_rivers_micro_a, grunt_forest_small_clearing_treed,
          infiniplex_staircase_pool_2
Lair:3:   layout_cave_pods, shoals_dummy_entry, minmay_snake_entry_six_corridors
Orc:1:    cheibrodos_orc_bank, layout_caves, nicolae_shop_gadgets
Orc:2:    st_orc_open, layout_caves, serial_shops, nicolae_shop_waterfront,
          nicolae_shop_crystal

Skill      XL: |  1  2  3  4  5  6  7  8  9 10 11 12 |
---------------+-------------------------------------+-----
Dodging        | 2 3 4 5 6 7 8 |  8.0
Fighting       | 2 3 4 5 7 8 9 10 | 10.1
Transmutations | 3 4 5 6 7 9 10 | 10.2
Spellcasting   | 3 4 5 6 7 8 9 |  9.4
Unarmed Combat | 4 5 6 7 8 9 10 | 10.2
Invocations    | 2 5 |  5.4
Air Magic      | 3 |  3.5

Action                   |  1- 3 |  4- 6 |  7- 9 | 10-12 || total
-------------------------+-------+-------+-------+-------++-------
Melee: Unarmed           |    99 |    79 |   255 |   526 ||   959
       Kick              |    12 |     8 |    24 |     2 ||    46
       Headbutt          |     9 |     3 |    17 |       ||    29
       Tailslap          |     9 |     2 |     8 |    60 ||    79
       Punch             |     1 |       |     5 |    34 ||    40
 Cast: Beastly Appendage |    21 |    16 |    20 |     4 ||    61
       Spider Form       |     1 |     6 |    11 |       ||    18
       Wereblood         |       |     1 |    10 |    26 ||    37
       Ice Form          |       |       |     4 |       ||     4
       Blade Hands       |       |       |     7 |    72 ||    79
       Storm Form        |       |       |       |     1 ||     1
Invok: Divine Exegesis   |       |       |       |     1 ||     1
 Abil: Breathe Acid      |       |       |    25 |    25 ||    50
       End Transformatio |       |       |     1 |       ||     1
       Blinkbolt         |       |       |       |     2 ||     2
Evoke: Wand              |       |       |       |    16 ||    16
  Use: Potion            |     2 |     4 |     4 |    10 ||    20
       Scroll            |       |     4 |     2 |    20 ||    26
 Stab: Invisible         |       |       |       |     3 ||     3
Armor: Skin              |    35 |    21 |    50 |   134 ||   240
Dodge: Dodged            |    69 |    66 |   174 |   359 ||   668

Table legend: (Time is in decaauts)
 A = Elapsed time spent in this place.
 B = Non-inter-level travel time spent in this place.
 C = Inter-level travel time spent in this place.
 D = Time resting spent in this place.
 E = Time spent auto-exploring this place.
 F = Levels seen in this place.
 G = Mean time per level.
                   A        B        C        D        E       F      G
               +--------+--------+--------+--------+--------+-----+--------+
         Total |  19495 |  18881 |    614 |   2742 |  13159 |  18 | 1083.1 |
       Dungeon |  13611 |  13054 |    557 |   1656 |   9442 |  12 | 1134.2 |
          Lair |   3284 |   3284 |      0 |    568 |   2188 |   3 | 1094.7 |
  Orcish Mines |   2321 |   2266 |     55 |    518 |   1328 |   2 | 1160.5 |
       Ossuary |    277 |    277 |      0 |      0 |    201 |   1 |  277.0 |
               +--------+--------+--------+--------+--------+-----+--------+

Top non-repeatable levels by time:
    D:10: 1752 daAuts
   Orc:1: 1681 daAuts
     D:6: 1636 daAuts
     D:5: 1543 daAuts
     D:1: 1435 daAuts
  Lair:2: 1361 daAuts
  Lair:3: 1317 daAuts
     D:7: 1194 daAuts
     D:8: 1088 daAuts
     D:3: 1026 daAuts
     D:4: 1019 daAuts
    D:11: 1004 daAuts
     D:9: 683 daAuts
   Orc:2: 639 daAuts
     D:2: 619 daAuts
